 Dungeon Crawl Stone Soup version 0.30-a0-1160-g6e42c06551 (webtiles) character file.

Game seed: 4830761807678053984

83 qeuew the Slasher (level 4, -12/34 HPs)
             Began as a Demonspawn Gladiator on Apr 25, 2023.
             Was an Initiate of Makhleb.
             Killed from afar by Ijyb (21 damage)
             ... with a bolt of dispelling energy
             ... on level 3 of the Dungeon.
             The game lasted 00:02:15 (1447 turns).

qeuew the Slasher (Demonspawn Gladiator)            Turns: 1447, Time: 00:02:15

Health: -12/34     AC:  4    Str: 12 (14) XL:     4   Next: 22%
Magic:  4/4        EV: 12    Int:  9      God:    Makhleb [......]
Gold:   102        SH:  0    Dex: 15 (17) Spells: 3/3 levels left

rFire   . . .        a - +0 long sword
rCold   . . .        (no shield)
rNeg    . . .        b - +0 leather armour
rPois   .            c - +0 helmet
rElec   .            (no cloak)
rCorr   .            (no gloves)
SInv    .            (no boots)
Will    .....        (no amulet)
Stlth   +            (no ring)
HPRegen 0.25/turn    (no ring)
MPRegen 0.09/turn

%: no passive effects
@: no status effects
A: demonic guardian 1, spiny 1
a: Renounce Religion


You were on level 3 of the Dungeon.
You worshipped Makhleb.
Makhleb was noncommittal.
You visited 1 branch of the dungeon, and saw 3 of its levels.

You collected 102 gold pieces.

Inventory:

Hand Weapons
 a - a +0 long sword (weapon)
Missiles
 d - 3 throwing nets (quivered)
Armour
 b - a +0 leather armour (worn)
 c - a +0 helmet (worn)
Wands
 i - a wand of polymorph (7)
Scrolls
 f - a scroll of blinking
 j - a scroll of enchant armour {unknown}
 k - a scroll of vulnerability {unknown}
Potions
 g - a potion of mutation {unknown}
 h - a potion of haste


   Skills:
 + Level 2.4 Fighting
 * Level 3.3 Long Blades
 * Level 2.5 Throwing
 + Level 1.0 Armour
 * Level 3.2 Dodging
 * Level 0.2 Invocations


You had 3 spell levels left.
You didn't know any spells.
Your spell library was empty.

Dungeon Overview and Level Annotations

Branches:
Dungeon (3/15)

Altars:
Makhleb
Sif Muna

Annotations:
D:3 Ijyb


Innate Abilities, Weirdness & Mutations

A weak demonic guardian rushes to your aid.
You are partially covered in sharp spines.


Message History

The endoplasm quivers.
The endoplasm moves out of view.
No target in view!
An endoplasm is nearby!
An endoplasm is nearby!
Ijyb the Twisted Goblin comes into view.
She is wielding a +0 dagger and carrying a wand of quicksilver (6).
Ijyb shouts!
The endoplasm freezes you.
You are frozen.
Ijyb screams, "It's all mine!"
You hit the endoplasm.
You kill the endoplasm!
Makhleb accepts your kill.
Ijyb zaps a wand.
The bolt of dispelling energy hits you!
You are too injured to fight recklessly!
You are too injured to fight recklessly!
You are too injured to fight recklessly!
You are too injured to fight recklessly!
You are too injured to fight recklessly!
You are too injured to fight recklessly!
You are too injured to fight recklessly!
You are too injured to fight recklessly!
You are too injured to fight recklessly!
You are too injured to fight recklessly!
Unknown command.
You start resting.
Ijyb is nearby!
Ijyb hits you with a +0 dagger.
You hit Ijyb but do no damage. Ijyb is struck by your spines.
Ijyb hits you with a +0 dagger.
* * * LOW HITPOINT WARNING * * *
Ijyb hits you but does no damage.
Throw: javelin
Press: ? - help, Q - select action, (/) - cycle Shift-Dir - straight line, f - Ijyb
Aim: Ijyb, wielding a +0 dagger, wearing a +0 scale mail and carrying a wand of quicksilver (5) (lightly wounded, 57% to hit)
You throw a javelin. The javelin closely misses Ijyb.
Ijyb zaps a wand.
The bolt of dispelling energy hits you!!
Ouch! That really hurt!
You die...

...# ..... ...##
....#### #.....#### #
#........# # #.## #
#.g# .. # ##@###.... #
###......... ######
######.....###.#.
.....###...)..###.....#
.........###### ###..#
.......##....# .#
...).....>...# #
.......##....# #...
#......#####.##
#..#####


You could see Ijyb.

Vanquished Creatures
  2 adders
  A worm (D:2)
  A dart slug (D:1)
  5 ball pythons
  6 endoplasms
  2 giant cockroaches
  2 goblins
  2 hobgoblins
  11 jackals (D:2)
  A quokka (D:2)
  11 bats
  4 frilled lizards
  4 kobolds
  5 rats
57 creatures vanquished.

Notes
Turn   | Place    | Note
-------+----------+-------------------------------------------
     0 | D:1      | qeuew the Demonspawn Gladiator began the quest for the Orb.
     0 | D:1      | Reached XP level 1. HP: 16/16 MP: 1/1
   234 | D:1      | Gained mutation: You are partially covered in sharp spines.
                  | [demonic ancestry]
   234 | D:1      | Reached XP level 2. HP: 20/22 MP: 2/2
   776 | D:2      | Reached XP level 3. HP: 25/27 MP: 3/3
  1283 | D:3      | Gained mutation: A weak demonic guardian rushes to your
                  | aid. [demonic ancestry]
  1283 | D:3      | Reached XP level 4. HP: 34/34 MP: 4/4
  1300 | D:3      | Found a burning altar of Makhleb.
  1329 | D:3      | Became a worshipper of Makhleb the Destroyer
  1337 | D:3      | Found a shimmering blue altar of Sif Muna.
  1360 | D:3      | Reached skill level 1 in Armour
  1436 | D:3      | Noticed Ijyb
  1447 | D:3      | Killed from afar by Ijyb

Illustrated notes

Levels and vault maps discovered:
D:1:      saegor_arrival_simple_a, layout_loops_ring
D:2:      layout_rooms, hex_tiny
D:3:      layout_rooms, mainiacjoe_overflow_alcove_2, mainiacjoe_overflow_swirl,
          mainiacjoe_overflow_big_doors, shapermc_ecumenical_altar_petra,
          uniq_robin, uniq_ijyb

Skill      XL: |  1  2  3  4 |
---------------+-------------+-----
Throwing       | 2 |  2.5
Long Blades    | 3 |  3.3
Dodging        | 3 |  3.2
Armour         | 1 |  1.0
Fighting       | |  2.4
Invocations    | |  0.2

Action                     |  1- 3 |  4- 6 || total
---------------------------+-------+-------++-------
  Melee: Long sword        |    89 |    13 ||   102
  Throw: Javelin           |       |     1 ||     1
    Use: Scroll            |     7 |       ||     7
         Potion            |     4 |       ||     4
   Stab: Sleeping          |     1 |     1 ||     2
 Armour: Leather armour    |    38 |     3 ||    41
  Dodge: Dodged            |    74 |     6 ||    80

Table legend: (Time is in decaauts)
 A = Elapsed time spent in this place.
 B = Non-inter-level travel time spent in this place.
 C = Inter-level travel time spent in this place.
 D = Time resting spent in this place.
 E = Time spent auto-exploring this place.
 F = Levels seen in this place.
 G = Mean time per level.
                   A        B        C        D        E       F      G
               +--------+--------+--------+--------+--------+-----+--------+
         Total |   1472 |   1427 |     45 |    105 |    986 |   3 |  490.7 |
       Dungeon |   1472 |   1427 |     45 |    105 |    986 |   3 |  490.7 |
               +--------+--------+--------+--------+--------+-----+--------+

Top non-repeatable levels by time:
     D:1: 712 daAuts
     D:2: 579 daAuts
     D:3: 180 daAuts
